[Event "Titled Tuesday Blitz October 31 Late 2023"]
[White "Yoo, Christopher Woojin"]
[Black "Rohan, Ahuja"]
[WhiteFideId "30909694"]
[BlackFideId "5090598"]
[WhiteElo "3001"]
[BlackElo "2717"]
[Result "1-0"]
[Round "5"]
[TimeControl "180+1"]
[Date "2023.10.31"]
[WhiteClock "0:00:08"]
[BlackClock "0:00:01"]
[Board "17"]

1. Nf3 Nf6 2. g3 g6 3. Bg2 Bg7 4. O-O d5 5. d3 O-O 6. Nbd2 d4 7. c3 dxc3 8. bxc3 Nd5 9. Ne4 Nxc3 10. Nxc3 Bxc3 11. Bh6 Bxa1 12. Qxa1 f6 13. Bxf8 Kxf8 14. Rc1 c6 15. Qb2 Qd6 16. Nd2 Nd7 17. Nc4 Qe6 18. a4 Nb6 19. Na5 Qe5 20. Qb4 Qd6 21. Qh4 Kg7 22. Nb3 Be6 23. Nc5 Rb8 24. a5 Nd7 25. Nxe6+ Qxe6 26. a6 bxa6 27. Qd4 Rb6 28. h3 Qd6 29. Qa4 c5 30. Ra1 Nb8 31. Qc4 Rb4 32. Qa2 Rb6 33. Rc1 Nd7 34. Qa5 e6 35. Bf3 h5 36. h4 Ne5 37. Be4 Nd7 38. Ra1 Rb5 39. Qxa6 Qxa6 40. Rxa6 f5 41. Rxa7 fxe4 42. Rxd7+ Kf6 43. dxe4 Rb1+ 44. Kg2 Rb2 45. Kf3 Rb3+ 46. e3 Rb2 47. Rc7 Rc2 48. Kg2 Ke5 49. Kf3 Kf6 50. Rc6 Ke5 51. Kg2 Kf6 52. Kg1 Ke5 53. f3 c4 54. Kf1 c3 55. Ke1 Rg2 56. Rxc3 Rxg3 57. Kf2 Rh3 58. Kg2 Rxh4 59. Rc1 g5 60. Kg3 Kf6 61. f4 Rg4+ 62. Kf3 gxf4 63. exf4 Rh4 64. Kg3 Rg4+ 65. Kf3 Rh4 66. Rc6 Kf7 67. Rc7+ Kf6 68. e5+ Kf5 69. Rf7+ Kg6 70. Rf6+ Kg7 71. Rxe6 Rh3+ 72. Ke4 Rh1 73. Re7+ Kf8 74. Rh7 h4 75. Kf5 h3 76. Kf6 Kg8 77. Rh4 h2 78. f5 Ra1 79. Rxh2 1-0


[Site "https://www.chess.com"]

[Event "Titled Tuesday Blitz October 31 Late 2023"]
[White "Hamitevici, Vladimir"]
[Black "Oparin, Grigoriy"]
[WhiteFideId "13902393"]
[BlackFideId "24125890"]
[WhiteElo "2716"]
[BlackElo "2966"]
[Result "0-1"]
[Round "5"]
[TimeControl "180+1"]
[Date "2023.10.31"]
[WhiteClock "0:00:08"]
[BlackClock "0:00:09"]
[Board "18"]

1. a3 Na6 2. d4 d5 3. Nf3 Nf6 4. e3 c6 5. b3 Bf5 6. Nbd2 e6 7. Bb2 Bd6 8. Bd3 Bg6 9. Qe2 Nc7 10. e4 dxe4 11. Nxe4 Nxe4 12. Bxe4 Nd5 13. O-O a5 14. c4 Nf6 15. Bc2 O-O 16. Rfd1 Re8 17. Ne5 Bxc2 18. Qxc2 Nd7 19. f4 Qe7 20. Rd3 Rac8 21. Rh3 f5 22. Kh1 Nf6 23. Re1 Bxa3 24. Bxa3 Qxa3 25. g4 Ne4 26. Rxe4 fxe4 27. Qxe4 Qc1+ 28. Kg2 Qd2+ 29. Kg1 Qd1+ 30. Kg2 Qd2+ 31. Kg1 Rc7 32. Qxh7+ Kf8 33. Qh8+ Ke7 34. Qxg7+ Kd8 35. Nf7+ Kc8 36. Rh7 Kb8 37. Qe5 Qd1+ 38. Kf2 Qd2+ 39. Kg3 Re7 40. Rh8+ Ka7 41. Nd6 b6 42. Nc8+ Rxc8 43. Rxc8 Rb7 44. Rxc6 Qc3+ 45. Kh4 Qxb3 46. Qxe6 Qb2 47. d5 Qxh2+ 48. Kg5 Rg7+ 49. Kf5 Qh7+ 50. Ke5 Re7 51. f5 Qg7+ 52. Kd6 Rxe6+ 53. fxe6 Qxg4 54. e7 Qf4+ 55. Kd7 Qf5+ 56. Re6 Qf7 57. Kd8 Kb7 58. e8=Q Qc7# 0-1


[Site "https://www.chess.com"]

[Event "Titled Tuesday Blitz October 31 Late 2023"]
[White "Burke, Carol Ann"]
[Black "Daneshvar, Bardiya"]
[WhiteFideId "11104643"]
[BlackFideId "12576468"]
[WhiteElo "2712"]
[BlackElo "2947"]
[Result "0-1"]
[Round "5"]
[TimeControl "180+1"]
[Date "2023.10.31"]
[WhiteClock "0:00:00"]
[BlackClock "0:02:06"]
[Board "19"]

1. d4 g6 2. c4 Bg7 3. e4 c5 4. d5 d6 5. Nc3 Bxc3+ 6. bxc3 Nf6 7. f3 e5 8. h4 Kd7 9. Bh6 Kc7 10. g4 Nbd7 11. Ne2 b6 12. a4 a5 13. Ng3 Qe7 14. Bd3 Bb7 15. Nf1 Rag8 16. Ne3 Ne8 17. Nc2 Bc8 18. Rb1 f6 19. Qc1 Ba6 20. Ke2 Kb7 21. Qd2 Nc7 22. Rbg1 Ka7 23. Kd1 Qe8 24. Ne3 Nb8 25. Bc2 Bc8 26. Bb3 Bd7 27. Qc2 Qf7 28. Ke2 Ne8 29. Qd1 f5 30. gxf5 gxf5 31. Rxg8 Rxg8 32. Rg1 f4 33. Nf5 Rg6 34. Bg5 Ng7 35. Nh6 Qe8 36. Ng4 Nh5 37. Nh6 Qf8 38. Nf5 h6 39. Bxh6 Rxh6 40. Nxh6 Qxh6 41. Rg5 Ng3+ 42. Kd3 Qxh4 43. Rg7 Qh8 44. Rg5 Qf6 45. Rg8 Qf7 46. Rg5 Qh7 47. Qg1 Be8 48. Rg4 Nd7 49. Rg5 Nf6 0-1


[Site "https://www.chess.com"]

[Event "Titled Tuesday Blitz October 31 Late 2023"]
[White "Annaberdiyev, Meylis"]
[Black "Khismatullin, Denis"]
[WhiteFideId "14000563"]
[BlackFideId "4142578"]
[WhiteElo "2700"]
[BlackElo "2935"]
[Result "0-1"]
[Round "5"]
[TimeControl "180+1"]
[Date "2023.10.31"]
[WhiteClock "0:00:00"]
[BlackClock "0:00:53"]
[Board "20"]

1. e4 c5 2. Nc3 e6 3. f4 Nc6 4. Nf3 Nh6 5. Bb5 Nd4 6. O-O a6 7. Bd3 f5 8. b3 Be7 9. Bb2 Nxf3+ 10. Qxf3 O-O 11. Rae1 Rb8 12. exf5 Nxf5 13. Qh3 Bf6 14. g4 Bd4+ 15. Kh1 Qh4 16. Qg2 Nh6 17. g5 Nf5 18. Be4 b5 19. Nd1 Bxb2 20. Nxb2 Nd6 21. d3 Nxe4 22. dxe4 Bb7 0-1


[Site "https://www.chess.com"]

[Event "Titled Tuesday Blitz October 31 Late 2023"]
[White "Zhigalko, Sergei"]
[Black "Leiva, Gianmarco"]
[WhiteFideId "13502956"]
[BlackFideId "3804399"]
[WhiteElo "2907"]
[BlackElo "2692"]
[Result "1-0"]
[Round "5"]
[TimeControl "180+1"]
[Date "2023.10.31"]
[WhiteClock "0:00:06"]
[BlackClock "0:00:01"]
[Board "21"]

1. e4 c5 2. Nf3 d6 3. d4 cxd4 4. Qxd4 Nf6 5. Nc3 e5 6. Bb5+ Nbd7 7. Qd3 h6 8. O-O Be7 9. Be3 O-O 10. Bc4 a6 11. a4 Qc7 12. a5 Nc5 13. Bxc5 Qxc5 14. Nd5 Nxd5 15. Bxd5 Be6 16. b4 Qc7 17. c4 Rfc8 18. Rfc1 Rab8 19. g3 b5 20. axb6 Rxb6 21. Ra4 Rcb8 22. c5 Rxb4 23. Rxb4 Rxb4 24. c6 Bxd5 25. exd5 e4 26. Qc3 a5 27. Nd2 f5 28. Nc4 Bf6 29. Qa3 Bd4 30. Qxa5 Qxa5 31. Nxa5 Bb6 32. c7 Bxc7 33. Rxc7 Rb5 34. Nc6 Rxd5 35. Ne7+ Kf7 36. Nxd5+ Ke6 37. Nf4+ 1-0


[Site "https://www.chess.com"]

[Event "Titled Tuesday Blitz October 31 Late 2023"]
[White "Kovalev, Vladislav"]
[Black "Janaszak, Dawid"]
[WhiteFideId "13504398"]
[BlackFideId "1119206"]
[WhiteElo "2901"]
[BlackElo "2687"]
[Result "1-0"]
[Round "5"]
[TimeControl "180+1"]
[Date "2023.10.31"]
[WhiteClock "0:00:23"]
[BlackClock "0:00:00"]
[Board "22"]

1. e4 g6 2. d4 Bg7 3. Be3 d6 4. Qd2 Nd7 5. f4 c5 6. Nc3 Ngf6 7. dxc5 dxc5 8. Nf3 O-O 9. O-O-O Qa5 10. Kb1 Ng4 11. e5 Nxe3 12. Qxe3 Nb6 13. h4 Bf5 14. Bd3 Bg4 15. h5 Na4 16. Nxa4 Qxa4 17. hxg6 hxg6 18. Rh4 Bxf3 19. gxf3 Rfd8 20. Rg1 c4 21. f5 Qb5 22. Bxc4 Qxe5 23. Qxe5 Bxe5 24. fxg6 e6 25. Re4 Bd4 26. gxf7+ Kxf7 27. Bxe6+ Kf6 28. Rh1 Bb6 29. c3 Rh8 30. Rxh8 Rxh8 31. Bg4 Rh2 32. Re6+ Kf7 33. Rd6 Be3 34. Rd7+ Kf6 35. Rxb7 Ke5 36. a4 Kd6 37. a5 Kc6 38. Rb4 Bc5 39. Rb3 Kd5 40. Ka2 Rf2 41. Bc8 Kc4 42. Be6+ Kd3 43. Bf5+ Kc4 44. Be4 Be3 45. Rb4+ Kc5 46. Rb7 Bc1 47. Kb1 Rf1 48. Kc2 Re1 49. Rxa7 Be3 50. Rb7 Kc4 51. Bd3+ Kc5 52. b4+ Kc6 53. Be4+ Kd6 54. a6 Bf2 55. Kb2 Re2+ 56. Kb3 Re1 57. c4 Ra1 58. c5+ Ke5 59. a7 Be3 60. Re7+ Kd4 61. Rd7+ Ke5 62. a8=Q 1-0


[Site "https://www.chess.com"]

[Event "Titled Tuesday Blitz October 31 Late 2023"]
[White "Tanaka, Taira Tyler"]
[Black "Grigoriants, Sergey"]
[WhiteFideId "7002351"]
[BlackFideId "4130804"]
[WhiteElo "2665"]
[BlackElo "2892"]
[Result "0-1"]
[Round "5"]
[TimeControl "180+1"]
[Date "2023.10.31"]
[WhiteClock "0:00:09"]
[BlackClock "0:01:10"]
[Board "23"]

1. d4 Nf6 2. Nc3 d5 3. Bf4 Bf5 4. e3 e6 5. Nf3 Bd6 6. Bd3 Bxf4 7. exf4 O-O 8. O-O c6 9. Re1 Nbd7 10. Ne5 Qb6 11. Bxf5 exf5 12. Nxd7 Nxd7 13. Qd3 g6 14. Na4 Qa5 15. b3 Rfe8 16. Qc3 Qc7 17. Nc5 Nxc5 18. dxc5 Qxf4 19. g3 Qc7 20. f4 Re4 21. Kf2 Rae8 22. Qf6 R8e6 23. Qg5 Qa5 24. Rxe4 Rxe4 25. Rd1 Qxc5+ 26. Kg2 Qxc2+ 0-1


[Site "https://www.chess.com"]

[Event "Titled Tuesday Blitz October 31 Late 2023"]
[White "Vasquez Schroeder, Rodrigo"]
[Black "Piesik, Piotr"]
[WhiteFideId "3400042"]
[BlackFideId "1136194"]
[WhiteElo "2886"]
[BlackElo "2659"]
[Result "0-1"]
[Round "5"]
[TimeControl "180+1"]
[Date "2023.10.31"]
[WhiteClock "0:00:45"]
[BlackClock "0:01:03"]
[Board "24"]

1. e4 e6 2. d4 d5 3. Nc3 Bb4 4. e5 b6 5. Bd2 Ne7 6. Bb5+ c6 7. Ba4 Ba6 8. Nce2 Bxd2+ 9. Qxd2 Nd7 10. Nf3 O-O 11. O-O c5 12. c3 Rc8 13. Rfc1 Bxe2 14. Qxe2 cxd4 15. cxd4 Nb8 16. Qd2 Nf5 17. Rxc8 Qxc8 18. Rc1 Qa6 19. Bb3 Rc8 20. g3 Nc6 21. Kg2 h6 22. a3 Na5 23. Rxc8+ Qxc8 24. Bc2 Nc4 25. Qc3 Nce3+ 26. fxe3 Qxc3 27. bxc3 Nxe3+ 28. Kf2 Nxc2 29. a4 a5 30. Ke2 Kf8 31. Kd3 Na3 32. g4 Nc4 33. h3 Nb2+ 34. Kc2 Nxa4 35. Kb3 b5 36. Ne1 Nb6 37. Nd3 Nc4 38. Nc5 Nd2+ 39. Kc2 Ne4 40. Nb7 a4 41. h4 g5 42. hxg5 hxg5 43. Nd8 Nf2 44. Nc6 Nxg4 45. Na7 Ne3+ 46. Kd3 a3 0-1


[Site "https://www.chess.com"]

[Event "Titled Tuesday Blitz October 31 Late 2023"]
[White "Kravtsiv, Martyn"]
[Black "Luczak, Filip"]
[WhiteFideId "14113147"]
[BlackFideId "1193686"]
[WhiteElo "2882"]
[BlackElo "2648"]
[Result "0-1"]
[Round "5"]
[TimeControl "180+1"]
[Date "2023.10.31"]
[WhiteClock "0:01:25"]
[BlackClock "0:01:16"]
[Board "25"]

1. e4 g6 2. d4 Bg7 3. h4 c5 4. d5 b5 5. h5 b4 6. h6 Bf6 7. g4 e5 8. f4 exf4 9. Bxf4 Bxb2 10. Nd2 Qf6 11. Nh3 Bxa1 12. Nc4 Qc3+ 13. Bd2 Qg3+ 14. Nf2 Bd4 15. Qe2 Ba6 16. Rh3 Qxf2+ 17. Qxf2 Bxf2+ 18. Kxf2 Bxc4 19. Bxc4 Nf6 20. Kf3 d6 21. Bf4 Ke7 22. e5 dxe5 23. Bxe5 Nbd7 24. d6+ Kd8 25. Bb2 Re8 26. Bxf7 Ne5+ 27. Bxe5 Rxe5 28. Kf4 Re1 0-1


[Site "https://www.chess.com"]

[Event "Titled Tuesday Blitz October 31 Late 2023"]
[White "Asadli, Vugar"]
[Black "Matinian, Nikita"]
[WhiteFideId "13405764"]
[BlackFideId "24129100"]
[WhiteElo "2860"]
[BlackElo "2646"]
[Result "1-0"]
[Round "5"]
[TimeControl "180+1"]
[Date "2023.10.31"]
[WhiteClock "0:00:56"]
[BlackClock "0:00:10"]
[Board "26"]

1. e4 c5 2. Nf3 d6 3. d4 cxd4 4. Nxd4 Nf6 5. Nc3 g6 6. Be3 Nc6 7. f3 h5 8. Bc4 Bd7 9. O-O Bg7 10. Qd2 Ne5 11. Bb3 Rc8 12. Qe2 a6 13. a4 Qc7 14. Rad1 Nc4 15. Bxc4 Qxc4 16. Qf2 Bxa4 17. Nxa4 Qxa4 18. b3 Qb4 19. Qg3 O-O 20. h3 e5 21. Ne2 Rxc2 22. Nc1 Rfc8 23. Nd3 Qxb3 24. Bg5 R2c3 25. Nf2 Qe6 26. Rd2 b5 27. Rfd1 R8c6 28. Qh4 b4 29. f4 exf4 30. Qxf4 Ne8 31. e5 Bxe5 32. Qxb4 Rc1 33. Qa4 Rxd1+ 34. Rxd1 Qc4 35. Qa5 Qb5 36. Qd8 Rc2 37. Be3 Kg7 38. Qg5 Qe2 39. Rb1 Nf6 40. Qh6+ 1-0


[Site "https://www.chess.com"]

[Event "Titled Tuesday Blitz October 31 Late 2023"]
[White "Gokerkan, Cem Kaan"]
[Black "Volkov, Maksim"]
[WhiteFideId "6336760"]
[BlackFideId "54123070"]
[WhiteElo "2859"]
[BlackElo "2645"]
[Result "1-0"]
[Round "5"]
[TimeControl "180+1"]
[Date "2023.10.31"]
[WhiteClock "0:00:03"]
[BlackClock "0:00:00"]
[Board "27"]

1. e4 e6 2. d4 d5 3. Nc3 Bb4 4. e5 c5 5. a3 Bxc3+ 6. bxc3 Qa5 7. Bd2 Qa4 8. Qg4 Kf8 9. h4 Nc6 10. Nf3 Nge7 11. h5 h6 12. Be2 Qxc2 13. dxc5 Qe4 14. Rh4 Qxg4 15. Rxg4 f6 16. Bf4 Bd7 17. Rb1 Nd8 18. exf6 gxf6 19. Bd6 e5 20. Rgb4 Kf7 21. Rxb7 Nxb7 22. Rxb7 Ke6 23. Bxe7 Rhb8 24. Rxb8 Rxb8 25. Bd6 Rb1+ 26. Kd2 Rb2+ 27. Ke3 Rb3 28. Kd2 Rxa3 29. Nh4 Ra2+ 30. Ke3 d4+ 31. cxd4 exd4+ 32. Kxd4 Rxe2 33. Bg3 Bc6 34. Ng6 Kf5 35. Bd6 Bxg2 36. Nh4+ Ke6 37. Nxg2 Rxf2 38. Nf4+ Kd7 39. Nd5 a5 40. Kc4 f5 41. Kb5 Ra2 42. Nb6+ Ke6 43. Bf4 Rf2 44. Bxh6 Rh2 45. c6 Rb2+ 46. Kxa5 Rc2 47. Kb5 Rb2+ 48. Kc5 Rc2+ 49. Nc4 Rh2 50. Bf4 Rxh5 51. c7 Rh8 52. Nb6 Ke7 53. Bg5+ Ke6 54. Bd8 1-0


[Site "https://www.chess.com"]

[Event "Titled Tuesday Blitz October 31 Late 2023"]
[White "Alexandre, Anne Shopie Elizabeth"]
[Black "Schwabeneder, Florian"]
[WhiteFideId "11902418"]
[BlackFideId "1626191"]
[WhiteElo "2846"]
[BlackElo "2641"]
[Result "1/2-1/2"]
[Round "5"]
[TimeControl "180+1"]
[Date "2023.10.31"]
[WhiteClock "0:01:12"]
[BlackClock "0:00:44"]
[Board "28"]

1. c4 Nf6 2. Nc3 g6 3. d4 Bg7 4. e4 d6 5. h3 O-O 6. Be3 Nc6 7. Nf3 e5 8. d5 Nd4 9. Nxd4 exd4 10. Bxd4 Nxe4 11. Nxe4 Re8 12. Bxg7 Rxe4+ 13. Be2 Kxg7 14. O-O Qf6 15. Qc2 Re8 16. Bd3 Bd7 17. Rfe1 b6 18. Rad1 a5 19. b3 Re5 20. Rxe5 Qxe5 21. Qd2 Re8 22. h4 Bg4 23. Rc1 Qf6 24. g3 Qd4 25. Qc3 Qxc3 26. Rxc3 Be2 27. Bxe2 Rxe2 28. a4 h5 29. Kf1 Rb2 30. Rf3 Kf8 31. Re3 Kg7 32. Re7 Rxb3 33. Rxc7 Rb4 34. Rc6 Rxa4 35. Rxd6 Rxc4 36. Rxb6 Rd4 37. d6 a4 38. Ra6 a3 39. Rxa3 Rxd6 40. Kg2 1/2-1/2


[Site "https://www.chess.com"]

[Event "Titled Tuesday Blitz October 31 Late 2023"]
[White "ArtemDyachuk"]
[Black "Kamsky, Gata"]
[BlackFideId "2000024"]
[WhiteElo "2639"]
[BlackElo "2835"]
[Result "1/2-1/2"]
[Round "5"]
[TimeControl "180+1"]
[Date "2023.10.31"]
[WhiteClock "0:00:06"]
[BlackClock "0:00:12"]
[Board "29"]

1. e4 c5 2. Nf3 e6 3. d4 cxd4 4. Nxd4 a6 5. Bd3 g6 6. O-O Bg7 7. Nf3 Nc6 8. c4 Nge7 9. Nc3 O-O 10. Bf4 d5 11. c5 e5 12. Bg5 d4 13. Nd5 f6 14. Nb6 Rb8 15. Bd2 Be6 16. b4 Nc8 17. Nc4 b6 18. Rb1 b5 19. Nb2 Rf7 20. a4 N8a7 21. Ra1 Qc8 22. axb5 axb5 23. Qc2 h6 24. h4 f5 25. h5 g5 26. exf5 Bxf5 27. Be4 Bxe4 28. Qxe4 Qf5 29. Rfe1 Qxe4 30. Rxe4 Re7 31. Nd3 Kf7 32. Ra6 Bf6 33. Kf1 Rbe8 34. Nh2 Re6 35. Ng4 Bg7 36. Rb6 R8e7 37. g3 Ke8 38. Ra6 Kd8 39. Ke2 Kc8 40. Ra1 Kb7 41. Re1 Rf7 42. Kd1 Rf5 43. Kc2 Kc8 44. R1e2 Kd7 45. Nh2 Nc8 46. Ng4 N8e7 47. Re1 Nd5 48. Ra1 Nc7 49. Rae1 Nd5 50. Ra1 Nc7 51. Rae1 Nd5 1/2-1/2


[Site "https://www.chess.com"]

[Event "Titled Tuesday Blitz October 31 Late 2023"]
[White "Zakhartsov, Vladimir"]
[Black "Yelisieiev, Yevhenii"]
[WhiteFideId "4145097"]
[BlackFideId "14139642"]
[WhiteElo "2828"]
[BlackElo "2620"]
[Result "1/2-1/2"]
[Round "5"]
[TimeControl "180+1"]
[Date "2023.10.31"]
[WhiteClock "0:00:04"]
[BlackClock "0:00:03"]
[Board "30"]

1. e4 d6 2. d4 Nf6 3. Nc3 e5 4. Nf3 Nbd7 5. Bc4 Be7 6. Ng5 O-O 7. Bxf7+ Rxf7 8. Ne6 Qe8 9. Nxc7 Qd8 10. Nxa8 b6 11. O-O Bb7 12. Nxb6 Qxb6 13. d5 Nc5 14. Be3 Bc8 15. Rb1 Ng4 16. Qd2 Nxe3 17. Qxe3 h6 18. b4 Nd7 19. Qxb6 Nxb6 20. a4 Bd7 21. a5 Na4 22. Nxa4 Bxa4 23. b5 Bd8 24. c4 Bc2 25. Rb2 Bd3 26. Rd1 Bxe4 27. b6 axb6 28. axb6 Rb7 29. f3 Bf5 30. g4 Rxb6 31. Rdd2 Bd7 32. Kg2 Kf7 33. Rbc2 Bg5 34. Re2 Ba4 35. c5 dxc5 36. Rxc5 Bf6 37. Ra2 Bd7 38. Rc7 Rd6 39. Raa7 Ke8 40. Ra8+ Ke7 41. Ra5 Ke8 42. Ra8+ Bd8 43. Rc5 Ke7 44. h4 Bb6 45. Rc2 Rxd5 46. Raa2 Bd4 47. Re2 Ke6 48. Ra6+ Rd6 49. Rxd6+ Kxd6 50. Ra2 Bc6 51. Ra6 Be3 52. Kg3 Bf4+ 53. Kf2 g6 54. Ra7 Bd7 55. Ra6+ Bc6 56. Ra7 e4 57. fxe4 Bxe4 58. Ra6+ Ke5 59. Ra5+ Bd5 60. Ra6 Be6 61. Kf3 Bd2 62. Ra7 Bc3 63. Ra8 Bd5+ 64. Kg3 Be1+ 65. Kh3 Kf4 66. Rf8+ Ke3 67. g5 hxg5 68. hxg5 Be4 69. Re8 Bd2 70. Kg4 Kd4 71. Rd8+ Bd5 72. Rd6 Ke5 73. Rxg6 Be6+ 74. Kh4 Be1+ 75. Kh5 Bf7 76. Kh6 Bxg6 77. Kxg6 Bd2 78. Kh7 Bxg5 1/2-1/2


[Site "https://www.chess.com"]

[Event "Titled Tuesday Blitz October 31 Late 2023"]
[White "Karttunen, Mika"]
[Black "Pakleza, Zbigniew"]
[WhiteFideId "502081"]
[BlackFideId "1119290"]
[WhiteElo "2597"]
[BlackElo "2821"]
[Result "0-1"]
[Round "5"]
[TimeControl "180+1"]
[Date "2023.10.31"]
[WhiteClock "0:01:03"]
[BlackClock "0:02:03"]
[Board "31"]

1. e4 d6 2. d4 Nf6 3. Nc3 c6 4. f4 Qb6 5. e5 Nd5 6. Nxd5 cxd5 7. c3 Bf5 8. Bd3 g6 9. Bxf5 gxf5 10. Qh5 e6 11. Nf3 Nc6 12. Ng5 Nd8 13. Nxh7 Be7 14. Qh6 Kd7 15. Qg7 Re8 16. Qxf7 Nxf7 0-1


[Site "https://www.chess.com"]

[Event "Titled Tuesday Blitz October 31 Late 2023"]
[White "Kashefi, Amir Hosein"]
[Black "Kobo, Ori"]
[WhiteFideId "12557935"]
[BlackFideId "2812320"]
[WhiteElo "2593"]
[BlackElo "2812"]
[Result "0-1"]
[Round "5"]
[TimeControl "180+1"]
[Date "2023.10.31"]
[WhiteClock "0:00:00"]
[BlackClock "0:00:06"]
[Board "32"]

1. Nf3 Nf6 2. g3 g6 3. Bg2 Bg7 4. O-O d6 5. b3 e5 6. Bb2 O-O 7. d3 Re8 8. Nbd2 Nc6 9. c4 Bd7 10. a3 a5 11. Qc2 Qc8 12. Rfe1 Bh3 13. Bh1 Qd7 14. Rad1 h6 15. e3 Rad8 16. Qb1 g5 17. Qa1 Nh7 18. Nf1 f5 19. d4 e4 20. N3d2 Bg4 21. d5 Bxb2 22. dxc6 Qg7 23. Qb1 Bxd1 24. Rxd1 bxc6 25. g4 fxg4 26. Bxe4 Be5 27. Bxc6 Rf8 28. Ng3 Bxg3 29. hxg3 Nf6 30. Qf5 Kh8 31. Qxa5 Nd7 32. Qxc7 Ne5 33. Qxg7+ Kxg7 34. Bd5 Rb8 35. a4 Nd3 36. Ne4 Rxb3 37. c5 Ra3 38. Nxd6 Nxc5 39. Bc6 Ra2 40. Rf1 Rf6 41. Ne8+ Kg6 42. Nxf6 Kxf6 43. Rd1 Nxa4 44. Rd6+ Kg7 45. Rd7+ Kf6 46. Rh7 Nc3 47. Rxh6+ Kg7 48. Rd6 Ra1+ 49. Kg2 Ra2 50. Bd5 Rd2 51. Rd7+ Kf6 52. Be6 Rc2 53. Bxg4 Ne4 54. Rd4 Nxf2 55. Bf3 Ng4+ 56. Kg1 Nxe3 57. Rd6+ Ke5 58. Ra6 Nf5 59. Ra5+ Kf6 0-1


[Site "https://www.chess.com"]

[Event "Titled Tuesday Blitz October 31 Late 2023"]
[White "Sanchez Alvares, Kelvin Antonio"]
[Black "Holt, Conrad"]
[WhiteFideId "3906680"]
[BlackFideId "2034387"]
[WhiteElo "2585"]
[BlackElo "2808"]
[Result "0-1"]
[Round "5"]
[TimeControl "180+1"]
[Date "2023.10.31"]
[WhiteClock "0:00:00"]
[BlackClock "0:00:27"]
[Board "33"]

1. e4 e6 2. d4 d5 3. Nd2 c5 4. exd5 Qxd5 5. dxc5 Qxc5 6. Ngf3 Nf6 7. Bd3 Nbd7 8. O-O Qc7 9. Ne4 Nxe4 10. Bxe4 Nc5 11. Qe2 Bd7 12. c3 Nxe4 13. Qxe4 Bd6 14. h3 O-O 15. Ng5 f5 16. Qh4 h6 17. Nf3 Rf6 18. Rd1 Bc6 19. Nd4 Rg6 20. g4 fxg4 21. Qh5 Bh2+ 22. Kf1 Be4 23. hxg4 Qc4+ 24. Ke1 e5 25. Be3 exd4 26. Rxd4 Qe6 27. Qxh2 Rxg4 28. Kd2 Bg6 29. Qd6 Rxd4+ 30. Qxd4 Qf5 31. Ke1 Bh5 32. c4 Kh7 33. Kd2 Bg6 34. Rc1 Re8 35. Kc3 a5 36. a3 b5 37. c5 Re4 38. Qd6 Rc4+ 39. Kb3 Rxc1 40. Bxc1 Qc2+ 41. Ka2 Bf7+ 0-1


[Site "https://www.chess.com"]

[Event "Titled Tuesday Blitz October 31 Late 2023"]
[White "Brodsky, David"]
[Black "balachess2006"]
[WhiteFideId "2073250"]
[WhiteElo "2803"]
[BlackElo "2591"]
[Result "1-0"]
[Round "5"]
[TimeControl "180+1"]
[Date "2023.10.31"]
[WhiteClock "0:00:05"]
[BlackClock "0:00:07"]
[Board "34"]

1. e4 c5 2. Nf3 Nc6 3. d4 cxd4 4. Nxd4 g6 5. c4 Nf6 6. Nc3 Nxd4 7. Qxd4 d6 8. Be2 Bg7 9. O-O O-O 10. Qd3 Be6 11. Be3 Qa5 12. Bd4 Rfc8 13. b3 a6 14. Rac1 Nd7 15. Bxg7 Kxg7 16. f4 f6 17. Bf3 Rab8 18. Nd5 Kf8 19. a4 b5 20. cxb5 Rxc1 21. Rxc1 Bxd5 22. Qxd5 axb5 23. Bg4 f5 24. exf5 Nf6 25. Qf3 bxa4 26. fxg6 h5 27. Be6 Qd2 28. Rd1 Qc2 29. bxa4 Rb2 30. f5 Kg7 31. h3 Qc5+ 32. Kh1 h4 33. Re1 Qc2 34. Bf7 Nh5 35. Rxe7 Ng3+ 36. Kh2 Qc1 37. Bb3+ Kf6 38. Rf7+ Kg5 39. Bd1 Rxg2+ 40. Kxg2 Qd2+ 41. Qf2 Qxd1 42. Qg1 Qd5+ 43. Kf2 Qd2+ 44. Kf3 Qf4+ 45. Kg2 Qe4+ 46. Kf2 Qd4+ 47. Kg2 Qd2+ 48. Kf3 Qd5+ 49. Ke3 Qe4+ 50. Kd2 Qb4+ 51. Kd3 Qb3+ 52. Kd4 Qb6+ 53. Kd5 Qxg1 54. g7 Qd1+ 55. Kc6 Qc2+ 56. Kd7 Qxa4+ 57. Ke7 Qa7+ 58. Ke6 Qa2+ 59. Ke7 Qe2+ 60. Kd8 Nxf5 61. g8=Q+ Kf4 62. Qf8 Qe5 63. Qe8 Qxe8+ 64. Kxe8 d5 65. Rd7 d4 66. Kf7 Ke4 67. Kg6 Ne3 68. Kg5 Nd5 69. Kxh4 d3 70. Ra7 d2 71. Ra1 Nc3 72. Kg5 Kd3 73. h4 Kc2 74. h5 Nb1 75. Ra2+ Kd3 76. Rxd2+ Nxd2 77. h6 Nf3+ 78. Kf6 Nd2 79. h7 Ne4+ 80. Kg6 Kd4 81. h8=Q+ Kd5 82. Qd8+ Nd6 83. Kf6 Kc6 84. Ke6 Nb5 85. Qd5+ Kb6 86. Kd7 Na7 87. Kd6 Nb5+ 88. Kd7 Na7 89. Qd6+ Kb7 90. Qc7+ Ka6 91. Qb8 Nb5 92. Kc6 Na7+ 93. Kc5 Nc8 94. Qxc8+ Ka7 95. Qd7+ Kb8 96. Kb6 Ka8 97. Qb7# 1-0


[Site "https://www.chess.com"]

[Event "Titled Tuesday Blitz October 31 Late 2023"]
[White "Troff, Kayden"]
[Black "Tologon tegin, Semetei"]
[WhiteFideId "2047896"]
[BlackFideId "13800574"]
[WhiteElo "2791"]
[BlackElo "2538"]
[Result "0-1"]
[Round "5"]
[TimeControl "180+1"]
[Date "2023.10.31"]
[WhiteClock "0:00:05"]
[BlackClock "0:00:43"]
[Board "35"]

1. d4 Nc6 2. Nf3 d5 3. Bf4 Bf5 4. e3 e6 5. Bb5 Bd6 6. Ne5 Ne7 7. O-O O-O 8. Nd2 Nxe5 9. dxe5 Bc5 10. Bd3 h6 11. e4 Bg6 12. Qf3 c6 13. Rad1 Bb6 14. h4 Bc7 15. h5 Bh7 16. Qg4 Kh8 17. Rfe1 Qe8 18. Re3 Rg8 19. Rg3 Rd8 20. Re1 dxe4 21. Nxe4 Nf5 22. Rf3 Qe7 23. Ng3 Nd4 24. Rfe3 Bxd3 25. Rxd3 Nxc2 26. Rxd8 Rxd8 27. Rc1 Nd4 28. Ne4 Rd5 29. Nd6 Bxd6 30. exd6 Qd7 31. Qg3 Ne2+ 0-1


[Site "https://www.chess.com"]

[Event "Titled Tuesday Blitz October 31 Late 2023"]
[White "Alex_Sahakyan2006"]
[Black "Sturt, Raven"]
[BlackFideId "2007304"]
[WhiteElo "2753"]
[BlackElo "2533"]
[Result "0-1"]
[Round "5"]
[TimeControl "180+1"]
[Date "2023.10.31"]
[WhiteClock "0:00:02"]
[BlackClock "0:01:45"]
[Board "36"]

1. e4 e5 2. Nf3 Nc6 3. Bb5 f5 4. Nc3 fxe4 5. Nxe4 Nf6 6. Qe2 d5 7. Nxf6+ gxf6 8. d4 e4 9. O-O Bg4 10. h3 Bh5 11. Qe3 Qd7 12. Nh4 a6 13. Ba4 O-O-O 14. c3 Rg8 15. Bd1 Qf7 16. Nf5 Bxd1 17. Rxd1 Qh5 18. Rf1 Qxf5 19. b4 Bd6 20. f4 h5 21. a4 Ne7 22. a5 h4 23. b5 Rg3 24. Qf2 Rdg8 25. bxa6 bxa6 26. Ra2 Qxh3 0-1


[Site "https://www.chess.com"]

[Event "Titled Tuesday Blitz October 31 Late 2023"]
[White "Darini, Pouria"]
[Black "Mystery2007"]
[WhiteFideId "12502200"]
[WhiteElo "2750"]
[BlackElo "2483"]
[Result "1-0"]
[Round "5"]
[TimeControl "180+1"]
[Date "2023.10.31"]
[WhiteClock "0:00:07"]
[BlackClock "0:00:00"]
[Board "37"]

1. e4 a6 2. d4 e6 3. Nf3 d5 4. exd5 exd5 5. Bd3 Bd6 6. O-O Ne7 7. c3 O-O 8. Qc2 h6 9. Re1 Nbc6 10. Nbd2 Bg4 11. h3 Bh5 12. Nh4 f5 13. Ndf3 Qd7 14. Ne5 Bxe5 15. dxe5 Qe6 16. f4 Kh8 17. Qf2 Na5 18. b3 b6 19. Be3 c5 20. b4 cxb4 21. cxb4 Nc4 22. Bxc4 dxc4 23. Bxb6 Nd5 24. Bc5 Rfd8 25. g4 Bg6 26. Rac1 c3 27. Re2 Bh7 28. gxf5 Bxf5 29. Qg3 Rd7 30. Kh2 Re8 31. Rg2 Be4 32. Re2 Bf5 33. Rg1 Rf7 34. Reg2 Be4 35. Re2 Bh7 36. Rf2 Bf5 37. Re1 Rc8 38. a3 a5 39. Rc1 a4 40. Re1 Re8 41. Rg1 Rc8 42. Rfg2 Re8 43. Qf3 Rd8 44. Qh5 Bh7 45. Ng6+ Bxg6 46. Rxg6 Qf5 47. Qxf5 Rxf5 48. Rxg7 Nxf4 49. Rc7 Ne6 50. Rc6 c2 51. Rxe6 1-0


[Site "https://www.chess.com"]